 Dungeon Crawl Stone Soup version 0.25-a0-663-gace7076f2c (webtiles) character file.

Game seed: 12788836569982009067, levelgen mode: deterministic

98 Eurus the Conjurer (level 4, -2/31 HPs)
             Began as a Mummy Conjurer on Mar 24, 2020.
             Killed by divine providence
             ... invoked by an orc priest
              (9 damage)
             ... on level 3 of the Dungeon.
             The game lasted 00:05:41 (3076 turns).

Eurus the Conjurer (Mummy Conjurer)                 Turns: 3076, Time: 00:05:41

Health: -2/31      AC:  2    Str: 11    XL:     4   Next: 43%
Magic:  2/9        EV: 12    Int: 15    God:
Gold:   215        SH:  0    Dex: 12    Spells: 7/10 levels left

rFire    x . .     SeeInvis .   m - +1 dagger (venom)
rCold    + . .     Gourm    .   (no shield)
rNeg     + + +     Faith    .   a - +0 robe
rPois    ∞         Spirit   .   (no helmet)
rElec    .         Reflect  .   (no cloak)
rCorr    .         Harm     .   (no gloves)
MR       .....                  (no boots)
Stlth    ++........             (no amulet)
HPRegen  0.10/turn              (no ring)
MPRegen  0.11/turn              (no ring)

@: no status effects
A: no food or potions, fire vulnerability, cold resistance 1, negative energy
resistance 3, torment resistance, unbreathing
a: no special abilities


You were on level 3 of the Dungeon.
You were not hungry.

You visited 1 branch of the dungeon, and saw 3 of its levels.

You collected 215 gold pieces.

Inventory:

Hand Weapons
 j - a cursed -3 short sword
 l - a +1 rapier of draining
 m - a +1 dagger of venom (weapon)
Armour
 a - a +0 robe (worn)
Jewellery
 e - an uncursed ring of protection from cold
Scrolls
 b - a scroll of fear {unknown}
 c - 5 scrolls of remove curse {unknown}
 d - a scroll of teleportation {unknown}
 f - 3 scrolls of immolation {unknown}
 g - 2 scrolls of random uselessness {unknown}
 h - a scroll of enchant armour {unknown}
 i - 3 scrolls of identify {unknown}
 k - a scroll of amnesia {unknown}
 n - a scroll of fog {unknown}


   Skills:
 + Level 0.5 Fighting
 + Level 0.3 Armour
 - Level 1.5 Dodging
 - Level 1.5 Stealth
 + Level 3.9 Spellcasting
 * Level 4.3 Conjurations


You had 7 spell levels left.
You knew the following spells:

 Your Spells              Type           Power        Failure   Level  Hunger
a - Magic Dart            Conj           ###.         3%          1    N/A
b - Searing Ray           Conj           ###...       4%          2    N/A

Your spell library contained the following spells:

 Spells                   Type           Power        Failure   Level  Hunger
 Dazzling Flash           Conj/Hex       #.....       22%         3    N/A
 Fulminant Prism          Conj/Hex       #.........   58%         4    N/A
 Iskenderun's Mystic Bla  Conj/Tloc      #.......     58%         4    N/A

Dungeon Overview and Level Annotations

Branches:
Dungeon (3/15)

Altars:
Makhleb
Okawaru
Xom
Zin

Annotations:
D:2 1 exclusion


Innate Abilities, Weirdness & Mutations

You do not eat or drink.
Your flesh is vulnerable to fire.
You are immune to poison.
Your flesh is cold resistant. (rC+)
You are immune to negative energy. (rN+++)
You are immune to unholy pain and torment.
You can survive without breathing.


Message History

The searing ray hits the orc!
You kill the orc!
The orc closely misses you.
The searing ray hits the orc!
You kill the orc!
You finish channeling your searing ray.
The orc priest calls down the wrath of Beogh upon you.
Beogh smites you!
* * * LOW HITPOINT WARNING * * *
Casting: Searing Ray (safe; 4% risk of failure)
Confirm with . or Enter, or press ? or * to list all spells.
Aiming: Searing Ray (safe; 4% risk of failure)
Press: ? - help, Shift-Dir - straight line, f - orc priest
Aim: an orc priest, wielding a +0 flail and wearing a +0 scale mail The searing ray hits the orc priest.
The orc priest is lightly wounded. (Press . to maintain the ray.)
The orc priest mumbles some strange prayers to Beogh against you.
Beogh smites you!
You die...

....#.# ###.#.#
###.#.#######
##..........# ###
##..........# #?#
##..........####.#
##...####.......#
########.#.....#
#...#.###@#
#.#.#.# #)#
########.###.# #)#
#............# #)#
#.......###### .o%
#.......# #.#
#.......# ...
#.......# ##.
........#


You could see an orc priest.

Vanquished Creatures
  An adder (D:3)
  2 oozes
  An adder zombie (D:3)
  2 worms
  3 dart slugs
  2 leopard geckos (D:1)
  4 orcs (D:3)
  7 giant cockroaches
  7 goblins
  10 hobgoblins
  5 kobolds
  A quokka (D:2)
  4 bats
  A frilled lizard (D:2)
  4 rats
54 creatures vanquished.

Notes
Turn   | Place    | Note
-------+----------+-------------------------------------------
     0 | D:1      | Eurus the Mummy Conjurer began the quest for the Orb.
     0 | D:1      | Reached XP level 1. HP: 13/13 MP: 4/4
   314 | D:1      | Reached XP level 2. HP: 19/19 MP: 3/6
   328 | D:1      | Learned a level 2 spell: Searing Ray
  1015 | D:1      | Reached XP level 3. HP: 21/24 MP: 4/7
  1676 | D:2      | Found a shimmering altar of Xom.
  1695 | D:2      | Reached skill level 4 in Conjurations
  2299 | D:2      | Found a burning altar of Makhleb.
  2301 | D:2      | Found a glowing silver altar of Zin.
  2301 | D:2      | Noticed a blizzard demon
  2301 | D:2      | Noticed an angel
  2476 | D:3      | Found an iron altar of Okawaru.
  2651 | D:3      | Reached XP level 4. HP: 29/30 MP: 7/9
  2688 | D:3      | Found a faded altar of an unknown god.
  3076 | D:3      | Killed from afar by an orc priest

Levels and vault maps discovered:
D:1:      minmay_arrival_stone_box, layout_basic
D:2:      layout_rooms, grunt_temple_overflow_order_and_chaos_2,
          lemuel_crystal_altar, uniq_crazy_yiuf_cottage
D:3:      layout_basic, okawaru_gym_becter, chequers_ecumenical_altar_simple,
          first_ration

Skill      XL: |  1  2  3 |
---------------+----------+-----
Spellcasting   | 3 |  3.9
Conjurations   | 4 |  4.3
Fighting       | |  0.5
Armour         | |  0.3
Dodging        | |  1.5
Stealth        | |  1.5

Action                   |  1- 3 |  4- 6 || total
-------------------------+-------+-------++-------
Melee: Unarmed           |    11 |       ||    11
       Club              |    45 |       ||    45
       Dagger            |     5 |    18 ||    23
 Cast: Magic Dart        |    89 |     2 ||    91
       Searing Ray       |     1 |     3 ||     4
 Stab: Sleeping          |       |     2 ||     2
Armor: Robe              |    20 |     3 ||    23
Dodge: Dodged            |    43 |    11 ||    54

Table legend:
 A = Non-vault XP
 B = Vault XP
 C = Vault XP percentage of total XP
 D = Non-vault monster count
 E = Vault monster count
 F = Vault count percentage of total count
                 A         B        C        D         E       F
            +---------+---------+-------+---------+---------+-------
      Total |     140 |       0 |   0.0 |      54 |       0 |   0.0
            +---------+---------+-------+---------+---------+-------
        D:1 |      49 |       0 |   0.0 |      22 |       0 |   0.0
        D:2 |      37 |       0 |   0.0 |      16 |       0 |   0.0
        D:3 |      54 |       0 |   0.0 |      16 |       0 |   0.0
            +---------+---------+-------+---------+---------+-------
